 Dungeon Crawl Stone Soup version 0.30-a0-595-g91969c0fa5 (webtiles) character file.

Game seed: 11799104770397531583

73 Leeroy the Insei (level 4, -1/28 HPs)
             Began as an Octopode Transmuter on Jan 6, 2023.
             Slain by a quokka (5 damage)
             ... on level 4 of the Dungeon.
             The game lasted 00:03:19 (1268 turns).

Leeroy the Insei (Octopode Transmuter)              Turns: 1268, Time: 00:03:20

Health: -1/28      AC:  1    Str:  9    XL:     4   Next: 27%
Magic:  7/7        EV: 13    Int: 17    God:
Gold:   149        SH:  0    Dex: 18    Spells: 3/7 levels left

rFire   . . .      SeeInvis .      - Unarmed
rCold   . . .      Faith    .    (no shield)
rNeg    . . .      Spirit   .    (helmet restricted)
rPois   .          Reflect  .    (no amulet)
rElec   .          Harm     .    e - +6 ring of dexterity
rCorr   .          Rampage  .    (no ring)
Will    .....                    (no ring)
Stlth   +++                      (no ring)
HPRegen 0.24/turn                (no ring)
MPRegen 0.10/turn                (no ring)
                                 (no ring)
                                 (no ring)

@: no status effects
A: almost no armour, amphibious, 8 rings, camouflage 1, gelatinous body 1,
(nimble swimmer 1), tentacles
a: no special abilities


You were on level 4 of the Dungeon.
You visited 1 branch of the dungeon, and saw 4 of its levels.

You collected 149 gold pieces.

Inventory:

Hand Weapons
 l - a +0 vampiric short sword
Missiles
 k - 6 poisoned darts
Jewellery
 d - an amulet of faith
 e - a +6 ring of dexterity (left tentacle)
Scrolls
 b - 2 scrolls of fog {unknown}
 c - a scroll of identify {unknown}
 h - a scroll of teleportation {unknown}
 j - a scroll of amnesia {unknown}
Potions
 a - 2 potions of lignification
 f - a potion of degeneration {unknown}
 g - a potion of might {unknown}
 i - a potion of invisibility {unknown}


   Skills:
 - Level 1.0 Fighting
 - Level 2.0 Dodging
 + Level 4.9 Unarmed Combat
 - Level 2.0 Spellcasting
 * Level 2.1 Transmutations


You had 3 spell levels left.
You knew the following spells:

 Your Spells              Type           Power      Damage    Failure   Level
a - Beastly Appendage     Tmut           16%        N/A       9%          1
b - Spider Form           Tmut/Pois      5%         N/A       36%         3

Your spell library contained the following spells:

 Spells                   Type           Power      Damage    Failure   Level
 Wereblood                Tmut           8%         N/A       12%         2
 Ensorcelled Hibernation  Hex/Ice        2%         N/A       28%         2
 Ignite Poison            Fire/Tmut/Pois 4%         N/A       41%         3
 Gell's Gravitas          Tloc           1%         N/A       50%         3
 Lesser Beckoning         Tloc           2%         N/A       50%         3
 Teleport Other           Tloc           1%         N/A       50%         3
 Ice Form                 Ice/Tmut       5%         N/A       77%         4
 Passage of Golubria      Tloc           1%         N/A       88%         4
 Silence                  Hex/Air        0%         N/A       99%         5
 Summon Mana Viper        Hex/Summ       1%         N/A       99%         5
 Lehudib's Crystal Spear  Conj/Erth      0%         10d2      100%        8


Dungeon Overview and Level Annotations

Branches:
Dungeon (4/15)
 Temple: D:4-7

Altars:
Uskayaw

Shops:
D:1 *


Innate Abilities, Weirdness & Mutations

You cannot wear most types of armour.
You are amphibious.
You can wear up to eight rings at the same time.
Your skin changes colour to match your surroundings (Stealth+).
Your rubbery body absorbs attacks. (AC +1, EV +1)
((You are camouflaged when in or above water. (Stealth+)))
You have tentacles for arms and can constrict up to eight enemies at once.


Message History

a +0 club; 3 boomerangs; an orc corpse You tentacle-slap the orc but do no damage.
Your grab misses the orc. Your squeeze misses the orc.
The orc hits you with a +0 hand axe.
You tentacle-slap the orc. Your grab misses the orc.
The orc is almost dead.
The orc barely misses you.
You tentacle-slap the orc.
You kill the orc!
An orc comes into view. It is wielding a +0 whip.
The orc wizard casts a spell at you. The puff of flame hits you!
You are too injured to fight recklessly!
You are too injured to fight recklessly!
You are too injured to fight recklessly!
You are too injured to fight recklessly!
You are too injured to fight recklessly!
You are too injured to fight recklessly!
You closely miss the orc. Your grab misses the orc.
Your squeeze misses the orc. The orc hits you with a +0 club.
* * * LOW HITPOINT WARNING * * *
You closely miss the orc wizard. You grab the orc wizard.
You constrict the orc wizard, but do no damage.
The orc wizard completely misses you. The orc hits you with a +0 club.
* * * LOW HITPOINT WARNING * * *
You closely miss the orc. Your grab misses the orc. You squeeze the orc.
The orc is severely wounded.
You constrict the orc wizard. The orc wizard barely misses you.
The orc hits you with a +0 club.
* * * LOW HITPOINT WARNING * * *
You tentacle-slap the orc. Your grab misses the orc. You squeeze the orc.
You kill the orc!
You constrict the orc wizard, but do no damage.
The orc wizard gestures at you while chanting.
You resist with some effort.
You tentacle-slap the quokka. You grab the quokka.
Your squeeze misses the quokka.
The quokka is heavily wounded.
You constrict the quokka. You constrict the orc wizard. The quokka bites you.
You die...

# .##.###
.......####
#>....<..##
####.)##.@#
##....or.o...#
####.........
..###.####
.... ..# .....
..# .##### ...
.# ##.


You could see an orc wizard, an orc and a quokka.

Vanquished Creatures
  2 adders
  A dart slug (D:1)
  7 orcs
  4 endoplasms
  A giant cockroach (D:3)
  3 goblins
  4 hobgoblins
  2 jackals (D:1)
  7 ball pythons
  4 bats
  2 frilled lizards
  6 kobolds
43 creatures vanquished.

Notes
Turn   | Place    | Note
-------+----------+-------------------------------------------
     0 | D:1      | Leeroy the Octopode Transmuter began the quest for the Orb.
     0 | D:1      | Reached XP level 1. HP: 13/13 MP: 3/3
    74 | D:1      | Got the Folio of Transformation and the Fairies
   179 | D:1      | Reached XP level 2. HP: 18/18 MP: 5/5
   499 | D:1      | Found Ryquesmem's Assorted Antiques.
   591 | D:1      | Reached skill level 4 in Unarmed Combat
   689 | D:2      | Reached XP level 3. HP: 23/23 MP: 6/6
   700 | D:2      | Learned a level 3 spell: Spider Form
   733 | D:2      | Found a faded altar of an unknown god.
  1143 | D:3      | Found a hide-covered altar of Uskayaw.
  1176 | D:3      | Reached XP level 4. HP: 28/28 MP: 7/7
  1268 | D:4      | Slain by a quokka

Illustrated notes

Levels and vault maps discovered:
D:1:      dpeg_arrival_arbitrary_c, layout_basic, serial_shops, shop_statue
D:2:      layout_rooms, hellmonk_ecumenical_altar_inner_sanctum,
          kennysheep_path_1, serial_park_tiny_pond, hex_intersection
D:3:      layout_basic, worldfamousw_hep_ancestral_shrine,
          nicolae_overflow_crystal_walls, serial_shops, shop
D:4:      layout_rooms, lemuel_tele_altar, minmay_temple_entry_hall

Skill      XL: |  1  2 |
---------------+-------+-----
Unarmed Combat | 4 |  4.9
Fighting       | |  1.0
Dodging        | |  2.0
Spellcasting   | |  2.0
Transmutations | |  2.1

Action                   |  1- 3 |  4- 6 || total
-------------------------+-------+-------++-------
Melee: Unarmed           |    61 |    18 ||    79
       Constrict         |    20 |     6 ||    26
       Tentacles         |    15 |     3 ||    18
       Punch             |     1 |       ||     1
 Stab: Sleeping          |     7 |       ||     7
Armor: Skin              |     7 |       ||     7
Dodge: Dodged            |    44 |    11 ||    55

Table legend: (Time is in decaauts)
 A = Elapsed time spent in this place.
 B = Non-inter-level travel time spent in this place.
 C = Inter-level travel time spent in this place.
 D = Time resting spent in this place.
 E = Time spent auto-exploring this place.
 F = Levels seen in this place.
 G = Mean time per level.
                   A        B        C        D        E       F      G
               +--------+--------+--------+--------+--------+-----+--------+
         Total |   1260 |   1231 |     29 |      6 |    980 |   4 |  315.0 |
       Dungeon |   1260 |   1231 |     29 |      6 |    980 |   4 |  315.0 |
               +--------+--------+--------+--------+--------+-----+--------+

Top non-repeatable levels by time:
     D:1: 681 daAuts
     D:2: 430 daAuts
     D:3: 124 daAuts
     D:4: 23 daAuts
